 Dungeon Crawl Stone Soup version 0.22-a0-162-g33bf127 (webtiles) character file.

107 sunny1234 the Conjurer (level 4, -1/26 HPs)
             Began as a Tengu Conjurer on Feb 12, 2018.
             Slain by an orc wizard
             ... wielding a +0 dagger
              (2 damage)
             ... on level 2 of the Dungeon.
             The game lasted 00:05:33 (1696 turns).

sunny1234 the Conjurer (Tengu Conjurer)             Turns: 1696, Time: 00:05:34

Health: -1/26      AC:  2    Str:  8    XL:     4   Next: 86%
Magic:  0/8        EV: 13    Int: 16    God:
Gold:   80         SH:  0    Dex: 15    Spells: 3/8 levels left

rFire    . . .     SeeInvis .   f - +2 short sword (speed)
rCold    . . .     Gourm    .   (no shield)
rNeg     . . .     Faith    .   k - +0 robe (curse)
rPois    .         Spirit   .   (helmet restricted)
rElec    .         Reflect  .   (no cloak)
rCorr    .         Harm     .   (no gloves)
MR       .....                  (boots unavailable)
Stlth    ++........             (no amulet)
HPRegen  0.08/turn              (no ring)
MPRegen  0.11/turn              (no ring)

@: no status effects
A: beak, talons 3
a: no special abilities


You were on level 2 of the Dungeon.
You were not hungry.

You visited 1 branch of the dungeon, and saw 2 of its levels.

You collected 80 gold pieces.

Inventory:

Hand Weapons
 f - a +2 short sword of speed (weapon)
 i - a +2 dagger of venom
Missiles
 d - 21 arrows
 o - 47 bolts
Armour
 a - a +0 robe
 e - a +0 leather armour
 k - a cursed +0 robe (worn)
Scrolls
 h - a scroll of teleportation {unknown}
 l - 2 scrolls of remove curse {unknown}
 p - a scroll of noise {unknown}
 q - 2 scrolls of fear {unknown}
 r - a scroll of identify {unknown}
Potions
 g - a potion of curing {unknown}
 j - a potion of ambrosia {unknown}
 n - a potion of heal wounds {unknown}
Books
 b - a book of Conjurations

   Spells                             Type                      Level
   a - Magic Dart                     Conjuration                  1
   b - Searing Ray                    Conjuration                  2
   c - Dazzling Spray                 Conjuration/Hexes            3
   d - Fulminant Prism                Conjuration/Hexes            4
   e - Force Lance                    Conjuration/Translocation    4
   f - Iskenderun's Mystic Blast      Conjuration                  4
Comestibles
 c - 4 rations
 m - 2 chunks of flesh


   Skills:
 + Level 1.7 Fighting
 + Level 3.0 Dodging
 - Level 2.0 Stealth
 + Level 2.5 Spellcasting
 * Level 6.4 Conjurations
 + Level 0.3 Hexes


You had 3 spell levels left.
You knew the following spells:

 Your Spells              Type           Power        Failure   Level  Hunger
a - Magic Dart            Conj           ###.         1%          1    #......
b - Fulminant Prism       Conj/Hex       ##........   43%         4    #####..


Dungeon Overview and Level Annotations

Branches:
Dungeon (2/15)

Altars:
Dithmenos
Ru


Innate Abilities, Weirdness & Mutations

You have a beak for a mouth.
You have claws for feet.


Message History

Aiming: Magic Dart (safe; 1% risk of failure)
Press: ? - help, Shift-Dir - straight line, f/p - orc wizard
Aim: an orc wizard, wielding a dagger and wearing a robe (moderately wounded, fast)
The magic dart hits the orc wizard.
The orc wizard is moderately wounded.
The orc wizard hits you but does no damage.
The orc wizard gestures at you while chanting.
The magic dart hits you!
* * * LOW HITPOINT WARNING * * *
The orc wizard barely misses you. The orc wizard casts a spell at you.
The magic dart hits you!
* * * LOW HITPOINT WARNING * * *
You hit the orc wizard.
The orc wizard is heavily wounded.
The orc wizard hits you but does no damage.
You completely miss the orc wizard.
The orc wizard is heavily wounded.
The orc wizard hits you with a dagger.
You die...

#........##....#
##.......##....#
#.......##...##
####...........##
.......)......#.#
#######..###.#.## #..#
##.## #############
#..#########.o.[..(.....
#........@o{.###########
######...#...######
.............#
######...#...#
.......##.## ######.##.#
#.##.# ##.##.##########
##...#..........#


You could see an orc wizard and an orc.

Vanquished Creatures
  Natasha (D:2)
  2 adders (D:2)
  A worm (D:2)
  A dart slug (D:2)
  4 leopard geckos
  An orc (D:2)
  A giant cockroach (D:1)
  9 goblins
  7 hobgoblins
  5 jackals (D:2)
  2 ball pythons (D:1)
  4 bats
  4 frilled lizards
  9 kobolds
  2 rats (D:1)
53 creatures vanquished.

Notes
Turn   | Place    | Note
-------+----------+-------------------------------------------
     0 | D:1      | sunny1234 the Tengu Conjurer began the quest for the Orb.
     0 | D:1      | Reached XP level 1. HP: 10/10 MP: 4/4
   351 | D:1      | Reached XP level 2. HP: 16/16 MP: 3/6
   584 | D:1      | Reached XP level 3. HP: 20/20 MP: 0/7
   620 | D:1      | Reached skill level 1 in Fighting
   936 | D:2      | Reached skill level 6 in Conjurations
  1065 | D:2      | Found a sacrificial altar of Ru.
  1260 | D:2      | Reached XP level 4. HP: 25/25 MP: 2/8
  1270 | D:2      | Learned a level 4 spell: Fulminant Prism
  1308 | D:2      | Noticed Natasha
  1335 | D:2      | Killed Natasha
  1497 | D:2      | Found a shadowy altar of Dithmenos.
  1693 | D:2      | HP: 1/26 [orc wizard/magic dart (6)]
  1696 | D:2      | Slain by an orc wizard

Vault maps used:
D:1:      minmay_arrival_solitary_statue, solitary_fountain
D:2:      nicolae_ru_awakened_eye, nicolae_overflow_hidden_temple,
          serial_bayou_pond_d, uniq_natasha

Skill      XL: |  1  2  3  4 |
---------------+-------------+-----
Fighting       | 1 |  1.7
Conjurations   | 6 |  6.4
Dodging        | 3 |  3.0
Stealth        | |  2.0
Spellcasting   | |  2.5
Hexes          | |  0.3

Action                   |  1- 3 |  4- 6 || total
-------------------------+-------+-------++-------
Melee: Unarmed           |     1 |       ||     1
       Short sword       |     8 |    13 ||    21
       Kick              |     1 |     1 ||     2
       Peck              |     1 |     3 ||     4
 Cast: Magic Dart        |    76 |    35 ||   111
  Eat: Chunk             |     2 |     2 ||     4
Armor: Leather armour    |     1 |       ||     1
       Robe              |       |     1 ||     1
Dodge: Dodged            |     6 |     7 ||    13

Table legend:
 A = Spawn XP
 B = Non-spawn XP
 C = Spawn XP percentage of total XP
 D = Spawn monster count
 E = Non-spawn monster count
 F = Spawn count percentage of total count
 G = Total turns spent on level
                    A         B        C        D         E        F      G
               +---------+---------+-------+---------+---------+-------+---------
         Total |       0 |     154 |   0.0 |       0 |      53 |   0.0 |  1696
               +---------+---------+-------+---------+---------+-------+---------
           D:1 |       0 |      44 |   0.0 |       0 |      28 |   0.0 |   910
           D:2 |       0 |     110 |   0.0 |       0 |      25 |   0.0 |   786
               +---------+---------+-------+---------+---------+-------+---------
